Map: Newkirk Precinct TE (Void)

Players

Musumeci - Winner!

  • Race: Zerg Zerg
  • League: Diamond
  • Spawn Location: 5:00

TerransFaNiR

  • Race: Terran Terran
  • League: Diamond
  • Spawn Location: 7:00

VOD

Have the link to the VOD?

Description

Time

  • Played on: March 12, 2017, 8:49 a.m.
  • Length: 11:16
Show
View Real Time Build Order
Export as new Build Order

Musumeci Zerg - Winner!

Build Orders: Hatch First 

Get SALT Encoding   

  12  0:01  Drone  
  13  0:08  Drone  
  14  0:15  Drone, Extractor  
  15  0:42  Hatchery  
  14  0:47  Drone, Extractor  
  15  1:02  Spawning Pool  
  14  1:09  Drone, Extractor  
  14  1:14  Extractor  
  14  1:15  Drone  
  16  1:19  Overlord  
  16  1:38  Drone x2  
  18  1:42  Drone  
  19  1:48  Queen  
  19  1:53  Queen  
  23  1:57  Drone  
  23  2:00  Drone  
  25  2:06  Overlord  
  25  2:10  Drone  
  26  2:24  Queen  
  26  2:29  Queen  
  30  2:33  Drone x2  
  32  2:37  Drone  
  32  2:38  Extractor  
  32  2:39  Drone  
  32  2:44  Overlord  
  33  2:46  Drone  
  33  2:48  Drone  
  36  2:51  Extractor  
  36  2:53  Drone  
  36  2:59  Overlord  
  36  3:04  Drone x3  
  39  3:12  Drone, Extractor  
  40  3:13  Drone x3  
  40  3:15  Drone  
  44  3:23  Drone, Extractor  
  45  3:28  Hatchery  
  45  3:32  Drone  
  45  3:35  Extractor  
  45  3:36  Extractor  
  45  3:38  Roach Warren  
  42  3:52  Drone x3  
  42  3:53  Drone  
  42  3:54  Overlord  
  42  3:55  Overlord  
  46  4:01  Evolution Chamber  
  45  4:03  Evolution Chamber  
  44  4:13  Overlord  
  44  4:18  Roach x3  
  44  4:19  Roach, Extractor  
  44  4:20  Drone  
  44  4:21  Drone x2  
  54  4:37  Roach x3  
  60  4:43  Drone x3, Extractor  
  62  5:12  Lair  
  62  5:13  Zerg Missile Weapons Level 1  
  62  5:16  Zerg Ground Armor Level 1  
  62  5:22  Spore Crawler  
  62  5:24  Spore Crawler x2  
  62  5:26  Drone, Spore Crawler  
  62  5:27  Drone x10  
  62  5:28  Spore Crawler  
  68  5:29  Extractor, Ravager  
  68  5:31  Roach  
  68  5:34  Drone  
  68  5:35  Drone  
  72  5:36  Drone  
  72  5:38  Drone  
  72  5:40  Drone  
  75  5:59  Drone  
  75  6:01  Drone  
  77  6:05  Drone  
  77  6:06  Drone x2  
  80  6:18  Drone x2  
  82  6:19  Spore Crawler x2  
  82  6:21  Overlord x4  
  82  6:23  Glial Reconstitution  
  80  6:29  Roach  
  80  6:30  Overlord  
  80  6:31  Overlord  
  80  6:32  Overlord  
  82  6:33  Overlord  
  82  6:47  Roach x3  
  82  6:48  Roach x6  
  100  7:00  Ravager x8  
  108  7:11  Drone x3  
  108  7:13  Extractor  
  108  7:15  Drone x8  
  118  7:16  Drone  
  118  7:19  Zerg Missile Weapons Level 2  
  118  7:20  Zerg Ground Armor Level 2  
  119  7:36  Hatchery  
  116  8:04  Roach x7  
  116  8:05  Overlord x6  
  130  8:06  Overlord x2  
  130  8:22  Overlord x2  
  130  8:23  Overlord x2  
  130  8:28  Ravager x2  
  130  8:29  Ravager x7  
  139  8:34  Overseer  
  139  8:37  Overseer  
  139  8:42  Tunneling Claws  
  139  8:45  Burrow  
  139  8:53  Infestation Pit, Ravager x2  
  139  8:55  Roach x3  
  146  8:58  Extractor  
  146  9:01  Roach  
  146  9:02  Roach x3  
  153  9:04  Extractor  
  152  9:33  Overlord  
  152  9:34  Overlord  
  131  10:08  Ravager x5  
  131  10:09  Roach x17  
  131  10:10  Roach x10  
  154  10:45  Roach x5  
  154  10:46  Roach, Drone x6  
  157  10:51  Roach x14  
  157  10:54  Roach  
Show
View Real Time Build Order
Export as new Build Order

TerransFaNiR Terran 

Build Orders: Reaper Expand, Hellion Banshee, MMM Bio 

Get SALT Encoding   

  12  0:01  SCV  
  13  0:13  SCV  
  14  0:19  Supply Depot  
  14  0:25  SCV  
  15  0:30  Refinery  
  15  0:40  SCV  
  16  0:46  Barracks  
  16  0:53  SCV  
  17  1:05  SCV  
  18  1:17  SCV  
  19  1:32  Orbital Command  
  19  1:33  Reaper  
  20  1:48  Command Center  
  20  1:58  SCV  
  21  2:04  Factory  
  21  2:08  Barracks Reactor  
  21  2:11  SCV  
  22  2:15  Supply Depot  
  22  2:30  SCV  
  23  2:42  Refinery  
  23  2:46  SCV  
  24  2:52  Starport  
  24  2:58  SCV, Hellion x2  
  29  3:10  SCV, Barracks Tech Lab  
  29  3:11  Bunker  
  30  3:13  Orbital Command  
  30  3:19  Hellion  
  32  3:26  Hellion  
  34  3:29  SCV  
  35  3:39  SCV  
  36  3:41  SCV  
  36  3:43  Medivac  
  39  3:49  Armory  
  39  3:55  Hellion  
  41  3:59  Hellion  
  43  4:04  SCV  
  43  4:05  SCV  
  43  4:07  Supply Depot  
  45  4:13  Supply Depot  
  45  4:18  SCV  
  46  4:29  SCV, Hellion  
  49  4:37  SCV  
  50  4:40  Banshee  
  50  4:44  SCV  
  56  4:49  SCV  
  56  4:50  Supply Depot, Barracks Tech Lab  
  57  5:04  SCV  
  57  5:05  Barracks  
  57  5:06  SCV  
  57  5:10  Command Center  
  57  5:12  Factory Tech Lab  
  57  5:16  SCV  
  57  5:18  SCV  
  59  5:28  SCV  
  60  5:30  SCV  
  60  5:33  Stimpack  
  60  5:34  Marauder  
  63  5:37  Siege Tank  
  63  5:40  SCV, Refinery  
  63  5:41  Starport Tech Lab  
  63  5:42  Refinery, Barracks  
  67  5:43  SCV  
  68  5:53  SCV  
  68  5:56  Marauder, Marine x2  
  70  6:03  Supply Depot  
  70  6:17  Starport Reactor  
  70  6:18  Barracks  
  70  6:21  Marine x2  
  70  6:22  SCV x2, Siege Tank  
  70  6:23  Orbital Command  
  70  6:24  Barracks  
  77  6:28  Engineering Bay  
  77  6:30  Engineering Bay  
  77  6:33  Marauder  
  77  6:34  SCV x2  
  81  6:42  Supply Depot  
  81  6:43  Barracks Reactor, Marine x2  
  81  6:46  SCV x2  
  81  6:47  Orbital Command  
  85  6:55  Marauder  
  85  6:56  Medivac x2  
  85  6:58  SCV  
  92  7:04  Supply Depot  
  92  7:05  Supply Depot  
  92  7:06  Terran Infantry Weapons Level 1  
  92  7:07  Terran Infantry Armor Level 1  
  92  7:11  SCV x2  
  92  7:12  SCV  
  95  7:16  Marine x2  
  97  7:23  Marauder, SCV x2  
  97  7:25  Marauder x2  
  97  7:27  Supply Depot  
  97  7:29  SCV  
  106  7:31  Combat Shields  
  106  7:33  Concussive Shells  
  106  7:35  SCV  
  107  7:51  SCV x2, Marine x2  
  103  7:52  Marine  
  103  7:53  Marauder x3  
  112  7:59  SCV  
  112  8:02  Marine  
  112  8:03  Refinery x2, SCV x2  
  116  8:09  Barracks, Marine, Siege Tank  
  116  8:10  Medivac, Supply Depot  
  116  8:12  Supply Depot  
  122  8:14  Marauder  
  122  8:15  SCV, Supply Depot  
  122  8:18  Marauder  
  122  8:19  Armory  
  119  8:22  SCV  
  120  8:29  Marine x4  
  120  8:32  Marauder  
  126  8:35  Marauder  
  126  8:36  Supply Depot x2  
  126  8:39  SCV x2  
  126  8:40  SCV  
  131  8:42  Marauder  
  131  8:43  Siege Tank  
  131  8:47  Medivac  
  138  8:49  Marine  
  138  8:50  Marine x3  
  138  8:51  SCV  
  138  8:52  SCV  
  138  8:53  Marauder  
  146  8:58  Marauder  
  146  9:02  Supply Depot  
  148  9:03  Marauder  
  148  9:09  SCV  
  151  9:10  Marine  
  151  9:11  Barracks Reactor  
  151  9:15  Marauder  
  154  9:17  Marine x2  
  154  9:19  Marauder  
  158  9:25  Marauder, Siege Tank  
  158  9:26  Marine  
  158  9:27  Marine  
  165  9:35  Marine  
  165  9:36  Marauder  
  165  9:37  Supply Depot  
  168  9:39  Marine  
  168  9:40  Marauder  
  170  9:47  Barracks  
  167  9:54  Command Center  
  167  9:58  Unknown x2  
  167  10:16  Supply Depot x2  
  167  10:17  Supply Depot  
  167  10:21  Marine  
  167  10:23  Marauder  
  167  10:26  Marauder, Marine x2  
  167  10:27  Marauder, Marine x3  
  123  10:39  Marine  
  121  10:44  Marauder, Marine x3  
  121  10:45  Marine  
  121  10:48  Marauder, Marine  
  121  10:49  Marauder  
  129  10:57  Marine  
  129  10:58  Unknown  
  129  11:08  Command Center  
Tags
 
Add a new tag
Caveats
  • Supply blocks, unpowered buildings, or Contaminate may cause inaccurate times.
  • Supply counts are checked every 10 seconds.